Map: Deathaura LE

Players

A.I. 2 (Easy)

  • Race: Zerg Zerg
  • Spawn Location: 5:00

BibizyanXGOD - Winner!

  • Race: Protoss Protoss
  • League: Master
  • Spawn Location: 11:00

VOD

Have the link to the VOD?

Description

Time

  • Played on: Dec. 3, 2020, 7:53 p.m.
  • Length: 11:00
Show
View Real Time Build Order
Export as new Build Order

A.I. 2 (Easy) Zerg 

Build Orders: Pool First 

Get SALT Encoding   

  12  0:01  Drone  
  13  0:12  Overlord  
  13  0:16  Drone  
  14  0:30  Drone  
  14  0:35  Drone  
  16  0:43  Spawning Pool  
  16  0:45  Extractor  
  16  0:46  Drone  
  15  0:51  Drone  
  16  0:58  Overlord  
  16  1:30  Queen  
  16  1:31  Zergling x2  
  19  1:32  Roach Warren  
  19  1:34  Extractor  
  19  1:36  Drone  
  18  1:42  Drone  
  18  1:43  Zergling x2  
  20  1:55  Zergling x2  
  21  2:08  Zergling x2  
  22  2:14  Overlord  
  22  2:25  Zergling x2  
  23  2:36  Drone  
  24  2:37  Zergling x2  
  24  2:40  Drone  
  26  2:44  Drone  
  26  2:49  Drone  
  28  2:58  Roach  
  30  3:09  Overlord, Drone  
  30  3:11  Roach  
  33  3:20  Drone  
  34  6:48  Drone, Lair  
  34  6:49  Overlord, Roach  
  34  6:52  Drone  
  34  6:54  Hatchery  
  37  6:56  Drone  
  38  7:09  Roach  
  40  7:29  Roach  
  37  7:45  Overseer  
  37  7:46  Overseer  
  37  7:49  Zergling x2  
  37  7:50  Hydralisk Den  
  32  8:07  Drone  
  32  8:09  Roach  
  32  8:11  Drone  
  36  8:15  Extractor  
  36  8:16  Drone  
  36  8:18  Extractor  
  35  8:20  Drone  
  35  8:24  Drone  
  37  8:29  Drone, Roach  
  37  8:33  Drone  
  41  8:37  Drone  
  42  8:41  Drone  
  42  8:46  Drone  
  44  8:48  Hydralisk  
  44  8:50  Drone  
  44  8:54  Drone  
  48  8:59  Drone  
  47  9:03  Drone, Zergling x2  
  47  9:04  Overlord  
  47  9:08  Drone  
  43  9:12  Drone  
  43  9:17  Drone  
  28  9:18  Zergling x2, Overseer  
  28  9:21  Overlord  
  28  9:22  Drone  
  26  9:26  Overseer  
  24  9:36  Overlord  
  22  9:40  Roach  
  22  9:42  Hatchery  
  23  9:54  Hatchery  
  22  10:09  Hatchery  
  17  10:32  Hatchery  
Show
View Real Time Build Order
Export as new Build Order

BibizyanXGOD Protoss - Winner!

Build Orders: 1 Gate Expand, Colossus Rush 

Get SALT Encoding   

  12  0:00  Probe  
  13  0:12  Probe  
  14  0:17  Pylon  
  14  0:24  Probe (Chrono Boost)  
  15  0:37  Probe (Chrono Boost)  
  15  0:39  Gateway  
  16  0:44  Probe (Chrono Boost)  
  16  0:47  Assimilator  
  17  0:51  Probe  
  18  1:03  Probe  
  19  1:15  Probe  
  20  1:23  Nexus  
  20  1:33  Cybernetics Core  
  20  1:36  Probe  
  21  1:43  Assimilator  
  21  1:48  Probe  
  21  1:50  Pylon  
  22  2:00  Probe (Chrono Boost)  
  23  2:06  Adept (Chrono Boost)  
  23  2:12  Warp Gate, Probe (Chrono Boost)  
  26  2:17  Probe (Chrono Boost)  
  26  2:22  Robotics Facility  
  27  2:26  Probe  
  27  2:29  Stalker  
  30  2:40  Probe (Chrono Boost)  
  30  2:43  Probe (Chrono Boost)  
  32  2:50  Probe (Chrono Boost)  
  34  2:53  Probe (Chrono Boost)  
  34  2:55  Gateway  
  34  2:57  Probe  
  34  3:00  Gateway  
  34  3:03  Probe  
  36  3:09  Probe  
  36  3:10  Observer (Chrono Boost)  
  38  3:15  Probe, Pylon  
  39  3:20  Assimilator  
  39  3:22  Assimilator, Probe  
  39  3:23  Observer (Chrono Boost)  
  41  3:28  Stalker  
  41  3:29  Probe  
  45  3:34  Probe  
  45  3:42  Probe  
  45  3:45  Observer  
  45  3:46  Probe  
  48  3:54  Probe  
  49  3:58  Robotics Bay  
  49  3:59  Probe (Chrono Boost)  
  49  4:01  Twilight Council  
  50  4:04  Forge  
  50  4:06  Probe (Chrono Boost), Pylon  
  51  4:16  Probe x2 (Chrono Boost)  
  53  4:22  Probe  
  54  4:28  Probe  
  54  4:29  Nexus  
  54  4:31  Pylon  
  55  4:36  Protoss Ground Armor Level 1 (Chrono Boost)  
  55  4:38  Charge  
  55  4:43  Colossus (Chrono Boost)  
  55  4:52  Extended Thermal Lance  
  61  4:55  Probe x2  
  63  5:01  Pylon  
  63  5:07  Probe  
  64  5:17  Probe  
  64  5:19  Colossus (Chrono Boost)  
  65  5:23  Gateway  
  65  5:24  Gateway  
  65  5:26  Gateway  
  71  5:31  Gateway  
  71  5:34  Pylon  
  71  5:36  Probe  
  71  5:37  Probe  
  71  5:41  Pylon  
  73  5:43  Probe  
  73  5:44  Sentry  
  73  5:45  Sentry  
  73  5:48  Probe  
  79  5:54  Probe  
  79  5:55  Probe  
  81  5:57  Pylon  
  81  5:58  Gateway  
  81  6:02  Probe  
  81  6:03  Colossus (Chrono Boost)  
  82  6:06  Probe  
  82  6:08  Probe  
  90  6:18  Blink  
  90  6:21  Stalker, Shield Battery  
  90  6:22  Shield Battery  
  90  6:23  Sentry x2  
  96  6:28  Probe x2  
  96  6:29  Stalker  
  100  6:37  Stalker  
  100  6:38  Stalker  
  105  6:40  Probe  
  105  6:43  Pylon  
  105  6:46  Nexus  
  105  6:51  Probe x2  
  105  6:53  Protoss Ground Weapons Level 1 (Chrono Boost)  
  106  6:55  Forge  
  106  6:56  Disruptor (Chrono Boost)  
  109  7:06  Probe x2  
  109  7:07  Assimilator  
  111  7:08  Stalker  
  111  7:09  Assimilator  
  111  7:11  Stalker, Pylon  
  111  7:13  Stalker  
  117  7:18  Probe x2  
  117  7:19  Pylon  
  119  7:24  Stalker x2  
  119  7:27  Stalker  
  125  7:31  Probe x3  
  128  7:43  Stalker x2  
  128  7:44  Stalker x2  
  136  7:47  Probe x2  
  136  7:51  Protoss Ground Armor Level 2 (Chrono Boost)  
  138  7:59  Probe x3  
  138  8:02  Warp Prism  
  143  8:08  Shield Battery  
  143  8:09  Shield Battery  
  143  8:10  Zealot x4  
  143  8:11  Shield Battery  
  143  8:12  Zealot  
  153  8:15  Zealot  
  153  8:19  Pylon  
  155  8:21  Pylon  
  155  8:23  Pylon  
  155  8:32  Probe  
  156  8:37  Probe x3  
  156  8:40  Stalker x5  
  156  8:41  Stalker  
  171  8:43  Stalker  
  171  8:44  Probe  
  174  8:49  Probe  
  174  8:53  Pylon  
  174  8:55  Pylon  
  175  9:14  Stalker x2  
  175  9:15  Stalker x6  
  191  9:44  Stalker x2  
  195  9:48  Assimilator  
  195  9:49  Probe  
  195  9:51  Assimilator  
  196  9:55  Pylon  
  196  9:56  Pylon  
  196  9:58  Pylon  
  196  10:01  Pylon  
  196  10:13  Probe x2  
Tags
 
Add a new tag
Caveats
  • Supply blocks, unpowered buildings, or Contaminate may cause inaccurate times.
  • Supply counts are checked every 10 seconds.